 Dungeon Crawl Stone Soup version 0.23.1 (webtiles) character file.

Game seed: 11605546511274298592

217 Kairos the Sneak (level 5, -7/27 HPs)
             Began as a Vine Stalker Assassin on Mar 17, 2019.
             Mangled by a mummy (12 damage)
             ... in an ossuary.
             The game lasted 00:06:31 (2757 turns).

Kairos the Sneak (Vine Stalker Assassin)            Turns: 2757, Time: 00:06:32

Health: -7/27      AC:  5    Str: 14    XL:     5   Next: 94%
Magic:  0/6        EV:  7    Int: 11    God:
Gold:   171        SH: 11    Dex: 19    Spells: 4/4 levels left

rFire    . . .     SeeInvis .   a - +2 dagger
rCold    . . .     Gourm    .   x - +0 large shield
rNeg     . . .     Faith    .   j - +0 leather armour
rPois    +         Spirit   +   (no helmet)
rElec    .         Reflect  .   d - +1 cloak
rCorr    .         Harm     .   (no gloves)
MR       .....                  (no boots)
Stlth    +++.......             i - amulet of regeneration
HPRegen  0.89/turn              z - ring of poison resistance
MPRegen  0.10/turn              u - +3 ring of dexterity

@: no status effects
A: fangs 2, regeneration 1, magic shield, antimagic bite, no potion heal 3, rot
immunity
a: no special abilities


You were in an ossuary.
You were not hungry.

You visited 1 branch of the dungeon, and saw 4 of its levels.
You also visited: Ossuary.

You collected 171 gold pieces.

Inventory:

Hand Weapons
 a - a +2 dagger (weapon)
 b - a +0 blowgun
Missiles
 e - 21 poisoned needles
 f - 2 curare-tipped needles
Armour
 c - a +0 robe
 d - a +1 cloak (worn)
 j - a +0 leather armour (worn)
 x - a +0 large shield (worn)
Jewellery
 h - an uncursed amulet of the acrobat
 i - an amulet of regeneration (around neck)
 m - an uncursed ring of resist corrosion
 u - a +3 ring of dexterity (right hand)
 z - a ring of poison resistance (left hand)
Wands
 y - a wand of acid (8)
Scrolls
 n - 3 scrolls of remove curse
 p - a scroll of teleportation
 q - 2 scrolls of immolation
 v - a scroll of identify {unknown}
 A - a scroll of enchant weapon {unknown}
Potions
 k - a potion of haste {unknown}
 s - a potion of heal wounds {unknown}
 t - 2 potions of lignification {unknown}
 w - a potion of magic
Comestibles
 g - 9 rations
 B - 3 chunks of flesh


   Skills:
 + Level 2.6 Fighting
 + Level 2.9 Short Blades
 + Level 2.0 Throwing
 + Level 1.5 Armour
 + Level 1.5 Dodging
 + Level 6.5 Stealth


You had 4 spell levels left.
You didn't know any spells.
Your spell library contained the following spells:

 Spells                   Type           Power        Failure   Level  Hunger
 Beastly Appendage        Tmut           #.....       100%        1    ##.....
 Sticks to Snakes         Tmut           #.......     100%        2    ###....
 Spider Form              Tmut/Pois      #.........   100%        3    ####...
 Ice Form                 Ice/Tmut       #.......     100%        4    #####..
 Blade Hands              Tmut           #.........   100%        5    ######.


Dungeon Overview and Level Annotations

Branches:
Dungeon (4/15)
 Temple: D:4-7

Altars:
Cheibriados
Gozag
Ru


Innate Abilities, Weirdness & Mutations

You have extremely sharp teeth.
Your natural rate of healing is unusually fast.
When hurt, damage is shared between your health and your magic reserves.
Your bite disrupts and absorbs the magic of your enemies.
Potions cannot restore your health.
You are immune to rotting.


Message History

You are too injured to fight recklessly!
You are too injured to fight recklessly!
You are too injured to fight recklessly!
You are too injured to fight recklessly!
You are too injured to fight recklessly!
You are too injured to fight recklessly!
You hit the mummy but do no damage. You bite the mummy, but do no damage.
The mummy is heavily damaged.
Your shield prevents you from hitting the mummy.
You bite the mummy. You drain its power.
You feel invigorated.
The mummy is severely damaged.
The mummy hits you!
* * * LOW HITPOINT WARNING * * *
You hit the mummy.
The mummy is almost destroyed.
You hit the mummy but do no damage. You bite the mummy. You drain its power.
You feel invigorated.
The mummy is almost destroyed.
The mummy hits you!
You die...

#.#..#
#.#..#
#.'..#
###..#
#..#
#..#
+..#
#..#
#@.#
#M.#
+..#
#..#
#..#
#..#
+..#
#..#


You could see a mummy.

Vanquished Creatures
  A worker ant (D:4)
  3 adders
  7 gnolls
  2 adder zombies (Ossuary)
  3 dart slugs (D:2)
  2 leopard geckos
  8 orcs (D:3)
  8 bats
  8 giant cockroaches
  8 goblins
  9 hobgoblins
  5 kobolds
  5 quokkas
  6 frilled lizards
  A hobgoblin zombie (Ossuary)
  A quokka zombie (Ossuary)
  4 rats
81 creatures vanquished.

Vanquished Creatures (others)
  3 plants (D:3)
3 creatures vanquished.

Grand Total: 84 creatures vanquished

Notes
Turn   | Place    | Note
-------+----------+-------------------------------------------
     0 | D:1      | Kairos the Vine Stalker Assassin began the quest for the
                  | Orb.
     0 | D:1      | Reached XP level 1. HP: 11/11 MP: 2/2
    34 | D:1      | Reached skill level 5 in Stealth
    98 | D:1      | Reached XP level 2. HP: 9/15 MP: 3/3
   657 | D:1      | Reached XP level 3. HP: 18/18 MP: 4/4
  1126 | D:2      | Found a snail-covered altar of Cheibriados.
  1242 | D:2      | Reached skill level 6 in Stealth
  1480 | D:2      | Gained mutation: Your natural rate of healing is unusually
                  | fast. [Vine Stalker growth]
  1480 | D:2      | Reached XP level 4. HP: 15/23 MP: 3/5
  1488 | D:2      | Reached skill level 1 in Dodging
  1799 | D:2      | Found a sacrificial altar of Ru.
  1941 | D:3      | Reached XP level 5. HP: 21/27 MP: 3/6
  1942 | D:3      | Reached skill level 1 in Armour
  2089 | D:3      | Found an opulent altar of Gozag.
  2248 | D:3      | Found a faded altar of an unknown god.
  2681 | D:4      | Found a sand-covered staircase.
  2686 | Ossuary  | Entered an ossuary
  2757 | Ossuary  | Mangled by a mummy

Skill      XL: |  1  2  3  4  5 |
---------------+----------------+-----
Stealth        | 5 6 |  6.5
Throwing       | 2 |  2.0
Fighting       | 2 |  2.6
Short Blades   | 2 |  2.9
Dodging        | 1 |  1.5
Armour         | 1 |  1.5

Action                   |  1- 3 |  4- 6 || total
-------------------------+-------+-------++-------
Melee: Dagger            |    98 |   136 ||   234
       Bite              |    24 |    50 ||    74
  Use: Scroll            |     1 |     5 ||     6
       Potion            |     5 |       ||     5
 Stab: Sleeping          |    12 |     8 ||    20
  Eat: Chunk             |     1 |     5 ||     6
Armor: Robe              |    18 |       ||    18
       Leather armour    |    20 |    14 ||    34
Dodge: Dodged            |    71 |    82 ||   153
Block: Large shield      |       |     4 ||     4
